 Dungeon Crawl Stone Soup version 0.28.0 (console) character file.

Game seed: 13857266266045454341

74 ryathie the Skirmisher (level 4, -5/30 HPs)
             Began as a Gargoyle Fighter on Feb 17, 2022.
             Slain by a gnoll (6 damage)
             ... on level 4 of the Dungeon.
             The game lasted 00:03:02 (719 turns).

ryathie the Skirmisher (Gargoyle Fighter)            Turns: 719, Time: 00:03:03

Health: -5/30      AC: 10    Str: 20      XL:     4   Next: 30%
Magic:  4/4        EV:  9    Int:  8      God:
Gold:   69         SH:  4    Dex:  9 (11) Spells: 3/3 levels left

rFire   . . .      SeeInvis .   a - +0 war axe
rCold   . . .      Faith    .   c - +0 buckler
rNeg    + . .      Spirit   .   b - +0 scale mail
rPois   ∞          Reflect  .   (no helmet)
rElec   +          Harm     .   (no cloak)
rCorr   .          Rampage  .   (no gloves)
Will    .....                   (no boots)
Stlth   ..........              (no amulet)
HPRegen 0.10/turn               (no ring)
MPRegen 0.09/turn               (no ring)

@: mighty
A: sickness immunity, AC +3, negative energy resistance 1, electricity
resistance, torment resistance 1, petrification resistance
a: no special abilities


You were on level 4 of the Dungeon.
You visited 1 branch of the dungeon, and saw 4 of its levels.

You collected 69 gold pieces.

Inventory:

Hand Weapons
 a - a +0 war axe (weapon)
Missiles
 i - 7 poisoned darts (quivered)
Armour
 b - a +0 scale mail (worn)
 c - a +0 buckler (worn)
Jewellery
 h - a ring of ice
Scrolls
 g - a scroll of fog {unknown}
Potions
 e - a potion of resistance {unknown}
 j - 2 potions of degeneration {unknown}


   Skills:
 + Level 4.4 Fighting
 + Level 2.9 Axes
 + Level 0.9 Throwing
 - Level 3.2 Armour
 - Level 3.2 Shields


You had 3 spell levels left.
You didn't know any spells.
Your spell library was empty.

Dungeon Overview and Level Annotations

Branches:
Dungeon (4/15)
 Temple: D:4-7

Altars:

Annotations:
D:4 Eustachio


Innate Abilities, Weirdness & Mutations

You are immune to sickness and miasma.
Your stone body is resilient. (AC +3)
You are immune to poison.
You resist negative energy. (rN+)
You are resistant to electric shocks. (rElec)
You are resistant to unholy torment.
You are immune to petrification.


Message History

The quasit bites you but does no damage.
You block the quasit's attack. The quasit barely misses you.
The crimson imp shouts, "Decamp, thou canting motley-minded toady!"
The adder bites you but does no damage. You block the adder's attack.
The quasit bites you but does no damage.
The quasit claws you.
You feel clumsy. You block the quasit's attack.
Really walk into that teleport trap?
You enter a teleport trap!
The teleport trap disappears.
Your surroundings suddenly seem different.
A hound, a gnoll shaman and 3 gnolls come into view.
A gnoll is wielding a +2 vorpal flail.
Found a fuming inky potion.
The hound barks!
The gnoll shaman shouts!
The gnoll shouts! x3
You slash the hound!
The hound is severely wounded.
You block the hound's attack. The hound barely misses you.
The gnoll hits you but does no damage.
The gnoll hits you from afar with a +0 halberd.
The hound bites you but does no damage. The gnoll closely misses you.
The gnoll hits you but does no damage. x2
The gnoll shaman hits you with a +0 club!
* * * LOW HITPOINT WARNING * * *
You barely miss the gnoll shaman. You slash the gnoll!
You kill the gnoll!
You hit the gnoll. You closely miss the hound. You slash the gnoll!
The hound bites you but does no damage. The gnoll barely misses you.
The hound bites you but does no damage. The gnoll closely misses you.
The gnoll shaman barely misses you.
You barely miss the gnoll shaman. You closely miss the gnoll.
You closely miss the hound. You closely miss the gnoll.
The hound bites you but does no damage.
The gnoll hits you with a +2 vorpal flail.
* * * LOW HITPOINT WARNING * * *
x2 The gnoll hits you but does no damage.
The gnoll shaman calls upon its god to speed up the gnoll.
The gnoll seems to speed up.
The hound closely misses you. You block the gnoll's attack.
The gnoll hits you with a +0 flail.
You die...

# . # .. # ... #
###### ...## #.!..#
.... #....# #
#hgg.# ### #g@).#
##########..
#.................#
#....##############
#....# #....#
######


You could see a gnoll shaman, a hound and 2 gnolls.

Vanquished Creatures
  4 adders
  A gnoll (D:4)
  An adder skeleton (D:4)
  A dart slug (D:4)
  An orc (D:3)
  A bat (D:2)
  An endoplasm (D:3)
  A giant cockroach (D:1)
  3 hobgoblins
  6 kobolds
  A quokka (D:3)
  2 frilled lizards
  4 rats
27 creatures vanquished.

Notes
Turn   | Place    | Note
-------+----------+-------------------------------------------
     0 | D:1      | ryathie the Gargoyle Fighter began the quest for the Orb.
     0 | D:1      | Reached XP level 1. HP: 14/14 MP: 1/1
   377 | D:1      | Reached XP level 2. HP: 18/19 MP: 2/2
   564 | D:3      | Reached XP level 3. HP: 24/24 MP: 3/3
   569 | D:3      | Reached skill level 4 in Fighting
   686 | D:4      | Noticed Eustachio
   702 | D:4      | Reached XP level 4. HP: 27/29 MP: 4/4
   719 | D:4      | HP: 1/30 [gnoll (1)]
   719 | D:4      | Slain by a gnoll

Illustrated notes

Levels and vault maps discovered:
D:1:      zelgadis_glass_arrival_small, layout_loops_corners, serial_shops,
          nicolae_shop_trees, serial_forest, infiniplex_forest_join,
          infiniplex_forest_end_double, infiniplex_forest_clump_medium,
          infiniplex_forest_zigzag_2, infiniplex_forest_lined_3,
          infiniplex_forest_3_way, hellmonk_ecumenical_altar_inner_sanctum,
          nicolae_concentric_dashed_squares_wild
D:2:      layout_basic
D:3:      layout_basic
D:4:      layout_rooms, overflow_temple_1_default, minmay_temple_entry_ruins,
          roderic_serpentine_path, uniq_eustachio

Skill      XL: |  1  2  3 |
---------------+----------+-----
Axes           | 2 |  2.9
Fighting       | 4 |  4.4
Throwing       | |  0.9
Armour         | |  3.2
Shields        | |  3.2

Action                   |  1- 3 |  4- 6 || total
-------------------------+-------+-------++-------
Melee: War axe           |    64 |    11 ||    75
  Use: Scroll            |     1 |       ||     1
       Potion            |       |     1 ||     1
Armor: Scale mail        |    39 |    23 ||    62
Dodge: Dodged            |    26 |    21 ||    47
Block: Buckler           |    20 |    11 ||    31
